 Dungeon Crawl Stone Soup version 0.31-a0-836-g3ceb0a68c4 (webtiles) character file.

Game seed: 2831297844954326563

5068 Kurtz the Cleaver (level 10, 0/73 HPs)
             Began as an Octopode Fighter on Sept 26, 2023.
             Was an Elder of Okawaru.
             Slain by a centaur warrior (7 damage)
             ... on level 9 of the Dungeon.
             The game lasted 00:14:28 (11109 turns).

Kurtz the Cleaver (Octopode Fighter)               Turns: 11109, Time: 00:14:28

Health: 0/73       AC:  8    Str: 19    XL:     10   Next: 56%
Magic:  12/13      EV: 16    Int: 10    God:    Okawaru [****..]
Gold:   1339       SH:  6    Dex: 13    Spells: 9/9 levels left

rFire   + . .        y - +2 mace (protect)
rCold   + . .        b - +0 buckler
rNeg    . . .        (helmet restricted)
rPois   .            I - amulet of regeneration
rElec   .            l - ring of protection from fire
rCorr   .            C - ring of protection from cold
SInv    .            (no ring)
Will    .....        (no ring)
Stlth   ++++         (no ring)
HPRegen 1.12/turn    (no ring)
MPRegen 0.13/turn    (no ring)
                     (no ring)

%: no passive effects
@: heroic, under a protective aura
A: almost no armour, amphibious, 8 rings, camouflage 1, gelatinous body 1,
(nimble swimmer 1), tentacles
a: Renounce Religion, Heroism, Finesse


You were on level 9 of the Dungeon.
You worshipped Okawaru.
Okawaru was greatly pleased with you.
You visited 2 branches of the dungeon, and saw 10 of its levels.
You also visited: Bailey.

You collected 1451 gold pieces.
You spent 112 gold pieces at shops.

Inventory:

Hand Weapons
 a - a +0 war axe
 y - a +2 mace of protection (weapon)
 F - a +1 whip of freezing
Missiles
 c - 29 poisoned darts (quivered)
 e - 10 javelins
 w - 16 boomerangs
 D - 7 curare-tipped darts
Armour
 b - a +0 buckler (worn)
Jewellery
 l - a ring of protection from fire (left tentacle)
 C - a ring of protection from cold (right tentacle)
 I - an amulet of regeneration (around mantle)
Wands
 x - a wand of paralysis (12)
 E - a wand of mindburst (32)
Scrolls
 g - 5 scrolls of fog {unknown}
 h - 3 scrolls of poison {unknown}
 k - 10 scrolls of identify {unknown}
 n - 2 scrolls of revelation
 q - a scroll of silence {unknown}
 r - a scroll of enchant armour {unknown}
 s - a scroll of blinking {unknown}
 t - a scroll of enchant weapon {unknown}
 v - a scroll of torment {unknown}
 B - a scroll of acquirement {unknown}
 G - 2 scrolls of brand weapon {unknown}
 J - a scroll of butterflies {unknown}
 K - a scroll of teleportation {unknown}
 L - a scroll of vulnerability {unknown}
Potions
 d - 2 potions of enlightenment {unknown}
 f - 5 potions of heal wounds {unknown}
 i - 2 potions of resistance {unknown}
 j - 3 potions of ambrosia {unknown}
 m - a potion of brilliance {unknown}
 o - 7 potions of curing {unknown}
 p - a potion of attraction {unknown}
 u - a potion of mutation {unknown}
 z - a potion of lignification {unknown}
 A - a potion of might
 H - a potion of haste {unknown}


   Skills:
 * Level 8.8(13.8) Fighting
 * Level 12.2(17.2) Axes
 - Level 3.0(8.0) Dodging
 - Level 3.0(8.0) Shields
 * Level 4.9 Invocations


You had 9 spell levels left.
You didn't know any spells.
Your spell library contained the following spells:

 Spells                   Type           Power      Damage    Failure   Level
 Cigotuvi's Dreadful Rot  Necr/Pois/Air  0%         N/A       56%         2
 Ensorcelled Hibernation  Hex/Ice        0%         N/A       56%         2
 Jinxbite                 Hex            0%         N/A       56%         2
 Poisonous Vapours        Pois/Air       0%         N/A       56%         2
 Ignite Poison            Fire/Tmut/Pois 0%         N/A       80%         3
 Mephitic Cloud           Conj/Pois/Air  0%         N/A       80%         3
 Sigil of Binding         Hex            0%         N/A       80%         3
 Anguish                  Hex/Necr       0%         N/A       99%         4
 Dimensional Bullseye     Hex/Tloc       0%         N/A       99%         4
 Leda's Liquefaction      Hex/Erth       0%         N/A       99%         4
 Freezing Cloud           Conj/Ice/Air   0%         6-21      100%        5
 Lee's Rapid Deconstruct  Erth           0%         3d4*      100%        5
 Call Canine Familiar     Summ           Unusable   N/A       N/A         3
 Animate Armour           Summ/Erth      Unusable   N/A       N/A         4
 Summon Lightning Spire   Summ/Air       Unusable   N/A       N/A         4

Dungeon Overview and Level Annotations

Branches:
Dungeon (9/15)             Temple (1/1) D:5          Bailey (visited)
   Lair: D:8-11         Orc: D:9-12

Altars:
Ashenzari
Cheibriados
Dithmenos
Elyvilon
Fedhas
Gozag
Hepliaklqana
Kikubaaqudgha
Makhleb
Okawaru
Qazlal
Ru
Sif Muna
Trog
Uskayaw
Vehumet
Wu Jian
Xom
Yredelemnul
Zin
The Shining One

Shops:
D:1 *   D:2 =   D:5 :*   D:7 [

Annotations:
D:3 exclusion: statue
D:9 exclusion: centaur warrior


Innate Abilities, Weirdness & Mutations

You cannot wear most types of armour.
You are amphibious.
You can wear up to eight rings at the same time.
Your skin changes colour to match your surroundings (Stealth+).
Your rubbery body absorbs attacks. (AC +1, EV +1)
((You are camouflaged when in or above water. (Stealth+)))
You have tentacles for arms and can constrict up to eight enemies at once.


Message History

* * * LOW HITPOINT WARNING * * *
The centaur warrior kicks you.
* * * LOW HITPOINT WARNING * * *
You hit the centaur warrior.
Your weapon exudes an aura of protection.
The centaur warrior is lightly wounded.
The centaur warrior hits you.
* * * LOW HITPOINT WARNING * * *
The centaur warrior barely misses you.
Unknown command.
You sock the centaur warrior!
The centaur warrior is moderately wounded.
The centaur warrior hits you but does no damage.
You block the centaur warrior's attack.
You hit the centaur warrior but do no damage.
You squeeze the centaur warrior!
The centaur warrior is heavily wounded.
The centaur warrior misses you. The centaur warrior closely misses you.
You hit the centaur warrior. You squeeze the centaur warrior.
The centaur warrior is heavily wounded.
The centaur warrior hits you but does no damage.
You block the centaur warrior's attack.
You sock the centaur warrior! You tentacle-slap the centaur warrior.
The centaur warrior is severely wounded.
The centaur warrior closely misses you. The centaur warrior misses you.
You sock the centaur warrior!
The centaur warrior is almost dead.
You block the centaur warrior's attack.
The centaur warrior completely misses you.
You barely miss the centaur warrior.
The centaur warrior is severely wounded.
The centaur warrior hits you but does no damage.
The centaur warrior closely misses you. The centaur warrior hits you!
* * * LOW HITPOINT WARNING * * *
You block the centaur warrior's attack.
Unknown command.
You completely miss the centaur warrior.
The centaur warrior is severely wounded.
The centaur warrior hits you!
You die...

...... ....#.......####.# #....
.........<.######## #.# #...
#..........[+ #.# #
#...........+### #.# .
#..............# #.# ..
#..............## #####.# ..
................###...... ..
.................+........ ..
........c@.......###.###.# ##
....###...†#......##...... .
.......!..#†......##..##.#
.....c..........#.......##..##.#
#................#.......##..##.#
.................##.............#
...#....#........####.......>....
........#####................####
........# ##.............).#


You could see a centaur warrior.

Vanquished Creatures
  An orc knight (Bailey)
  Pikel (D:7)
  A shadow (D:9)
  An acid dragon (D:5)
  A water moccasin (D:9)
  5 orc warriors
  An ice beast (D:7)
  A centaur (D:7)
  3 ogres
  9 kobold brigands
  3 phantoms
  2 lemures (D:7)
  2 bullfrogs (D:8)
  2 scorpions (D:4)
  10 wights (D:7)
  7 killer bees (D:9)
  3 jellies (D:5)
  4 orc priests
  A gnoll bouda (D:8)
  2 hounds
  A sleepcap (D:6)
  4 iguanas
  9 orc wizards
  10 gnolls
  7 adders
  A shadow imp (D:5)
  5 white imps
  2 ufetubi (D:5)
  5 worms
  8 dart slugs
  18 orcs
  10 ball pythons
  7 endoplasms
  2 giant cockroaches (D:3)
  11 goblins
  6 hobgoblins
  3 jackals (D:4)
  2 quokkas (D:2)
  5 bats
  7 frilled lizards
  36 kobolds
  2 rats
221 creatures vanquished.

Notes
Turn   | Place    | Note
-------+----------+-------------------------------------------
     0 | D:1      | Kurtz the Octopode Fighter began the quest for the Orb.
     0 | D:1      | Reached XP level 1. HP: 16/16 MP: 1/1
   150 | D:1      | Reached XP level 2. HP: 10/21 MP: 2/2
   385 | D:1      | Reached skill level 3 in Axes
   528 | D:1      | Found Siummesh's Assorted Antiques.
   699 | D:1      | Reached XP level 3. HP: 23/26 MP: 3/3
  1060 | D:2      | Found Maekh's One-of-a-Kind Rings.
  1391 | D:2      | Reached skill level 4 in Axes
  1548 | D:2      | Reached XP level 4. HP: 31/31 MP: 4/4
  1945 | D:3      | Found a radiant altar of Vehumet.
  1945 | D:3      | Noticed a charred statue
  2127 | D:3      | Reached skill level 5 in Axes
  2127 | D:3      | Reached XP level 5. HP: 11/36 MP: 5/5
  3002 | D:4      | Reached skill level 6 in Axes
  3192 | D:4      | Reached XP level 6. HP: 42/42 MP: 6/6
  3354 | D:4      | Found a sacrificial altar of Ru.
  3717 | D:4      | Identified the -1 pair of boots "Qyoxa" {+Blink rF+++}
  3940 | D:4      | Found a glowing golden altar of the Shining One.
  4239 | D:5      | Entered Level 5 of the Dungeon
  4404 | D:5      | Found a staircase to the Ecumenical Temple.
  4417 | Temple   | Entered the Ecumenical Temple
  4433 | Temple   | Became a worshipper of Warmaster Okawaru
  4466 | D:5      | Reached skill level 7 in Axes
  4507 | D:5      | Reached XP level 7. HP: 39/46 MP: 7/7
  4637 | D:5      | Reached skill level 1 in Invocations
  4644 | D:5      | Reached skill level 8 in Axes
  4684 | D:5      | Found Keirrer's General Store.
  4690 | D:5      | Found Tasem's Self-Improvement Boutique.
  4695 | D:5      | Reached * piety under Okawaru
  4771 | D:5      | Bought a scroll of revelation for 112 gold pieces
  4833 | D:5      | Found a shimmering altar of Xom.
  4834 | D:5      | Found a hazy altar of Hepliaklqana.
  4834 | D:5      | Noticed a tentacled monstrosity
  4835 | D:5      | Noticed a spectral ugly thing
  4835 | D:5      | Noticed a tentacled monstrosity
  5370 | D:5      | Reached XP level 8. HP: 23/52 MP: 9/9
  5731 | D:6      | Reached skill level 9 in Axes
  5822 | D:6      | Reached ** piety under Okawaru
  6491 | D:6      | Found a blossoming altar of Fedhas.
  6786 | D:7      | Reached skill level 10 in Axes
  6959 | D:7      | Found a flagged portal.
  6989 | Bailey   | Entered a bailey
  7015 | Bailey   | Reached XP level 9. HP: 58/59 MP: 11/11
  7284 | Bailey   | Reached *** piety under Okawaru
  7285 | Bailey   | Reached skill level 5 in Fighting
  7312 | Bailey   | Reached skill level 11 in Axes
  7547 | Bailey   | Noticed an orc knight
  7572 | Bailey   | Killed an orc knight
  7579 | Bailey   | Found an iron altar of Okawaru.
  7852 | D:7      | Noticed Pikel
  7872 | D:7      | Killed Pikel
  7872 | D:7      | Reached **** piety under Okawaru
  7873 | D:7      | Reached XP level 10. HP: 57/71 MP: 13/13
  7953 | D:7      | Found Suolantonwi's Armour Boutique.
  8673 | D:7      | Found a shadowy altar of Dithmenos.
  9007 | D:8      | Reached skill level 12 in Axes
  9204 | D:8      | Found a stormy altar of Qazlal.
 10685 | D:9      | Noticed a centaur warrior
 10978 | D:9      | Identified the +2 long sword of True Grit {drain, +Blink
                  | MP+9 Int+2 Stlth+}
 11109 | D:9      | Slain by a centaur warrior

Illustrated notes

Levels and vault maps discovered:
D:1:      dpeg_cavernosity, layout_loops_ring, serial_shops, shop,
          item_on_display_a
D:2:      layout_basic, serial_co_window_serial, co_window_of_opportunity_a,
          co_window_corner_a, co_window_paths_b, co_window_paths_b,
          co_window_paths_b, co_window_paths_a, co_window_paths_b,
          co_window_paths_a, co_window_paths_b, co_window_of_opportunity_b,
          co_window_corner_cb, co_window_broadway_a, co_window_cross_3,
          glass_columns_a, glass_columns_b, nicolae_shop_unique_rings
D:3:      layout_basic, vehumet_statue
D:4:      layout_basic, lemuel_crystal_altar, mainiacjoe_overflow_paths,
          serial_curves, eino_curves_01, eino_curves_02, hangedman_decor_lopped,
          minmay_vboxes
D:5:      layout_gridville, regret_index_temple_of_mockery,
          minmay_temple_entry_arrows, serial_shops, nicolae_diamond_shop,
          nicolae_shop_self_help
D:6:      layout_loops_ring, fedhas_altar_decomposition
D:7:      layout_loops_cross, grunt_dithmenos_smoke, serial_shops, shop,
          enter_bailey_7, uniq_pikel
D:8:      layout_loops_ring, mainiacjoe_overflow_boulevard,
          kennysheep_windowed_goal
D:9:      layout_basic
Temple:   nicolae_temple_figure_eight

Skill      XL: |  1  2  3  4  5  6  7  8  9 10 |
---------------+-------------------------------+-----
Axes           | 3 4 5 6 7 8 10 11 12 | 12.2
Invocations    | 1 3 4 |  4.9
Fighting       | 4 7 8 |  8.8
Dodging        | |  3.0
Shields        | |  3.0

Action                     |  1- 3 |  4- 6 |  7- 9 | 10-12 || total
---------------------------+-------+-------+-------+-------++-------
  Melee: War axe           |    70 |   113 |     4 |       ||   187
         Constrict         |    23 |    27 |    44 |    38 ||   132
         Tentacles         |    14 |    19 |    67 |    35 ||   135
         Punch             |     1 |     1 |     3 |     1 ||     6
         Mace              |       |       |   216 |   166 ||   382
  Throw: Javelin           |       |       |     6 |       ||     6
         Dart              |       |       |    11 |    10 ||    21
 Invoke: Heroism           |       |       |       |     2 ||     2
  Evoke: Wand              |       |       |     9 |     2 ||    11
    Use: Potion            |       |     1 |       |       ||     1
         Scroll            |       |       |     1 |       ||     1
   Stab: Sleeping          |    10 |     3 |     2 |     2 ||    17
         Distracted        |       |     2 |       |       ||     2
         Paralysed         |       |       |    20 |     3 ||    23
 Armour: Skin              |    23 |    37 |   135 |   106 ||   301
  Dodge: Dodged            |    28 |    67 |   109 |    82 ||   286
  Block: Buckler           |     7 |    25 |    34 |    37 ||   103

Table legend: (Time is in decaauts)
 A = Elapsed time spent in this place.
 B = Non-inter-level travel time spent in this place.
 C = Inter-level travel time spent in this place.
 D = Time resting spent in this place.
 E = Time spent auto-exploring this place.
 F = Levels seen in this place.
 G = Mean time per level.
                   A        B        C        D        E       F      G
               +--------+--------+--------+--------+--------+-----+--------+
         Total |  11211 |  10728 |    483 |   2975 |   5672 |  11 | 1019.2 |
       Dungeon |  10510 |  10036 |    474 |   2650 |   5597 |   9 | 1167.8 |
        Temple |     25 |     16 |      9 |      0 |      0 |   1 |   25.0 |
        Bailey |    675 |    675 |      0 |    325 |     75 |   1 |  675.0 |
               +--------+--------+--------+--------+--------+-----+--------+

Top non-repeatable levels by time:
     D:8: 1569 daAuts
     D:7: 1415 daAuts
     D:5: 1409 daAuts
     D:4: 1296 daAuts
     D:3: 1161 daAuts
     D:6: 1081 daAuts
     D:1: 1037 daAuts
     D:2: 838 daAuts
     D:9: 700 daAuts
  Bailey: 675 daAuts
  Temple: 25 daAuts
